 Dungeon Sprint DCSS version 0.16-a0-3841-g2612308 (console) character file.

64 Monkaria the Slasher (level 4, 33/44 HPs)
             Began as a Hill Orc Fighter on Jan 30, 2015.
             Quit the game in the Dungeon (Sprint IX: "|||||||||||||||||||||||||||||").
             The game lasted 00:00:46 (269 turns).

Monkaria the Slasher (Hill Orc Fighter)              Turns: 269, Time: 00:00:46

Health: 33/44      AC:  6    Str: 19    XL:     4   Next: 12%
Magic:  4/4        EV:  7    Int:  8    God:
Gold:   0          SH:  9    Dex: 10    Spells: 0 memorised, 3 levels left

rFire  . . .     SeeInvis .     a - +0 long sword
rCold  . . .     Clarity  .     b - +0 scale mail
rNeg   . . .     SustAb   .     c - +0 shield
rPois  .         Gourm    .     (no helmet)
rElec  .         Spirit   .     (no cloak)
rCorr  .         Warding  .     (no gloves)
rMut   .         NoTele   +     (no boots)
MR     .....                    (no amulet)
Stlth  ..........               (no ring)
                                (no ring)

@: not resistant to hostile enchantments, extremely unstealthy
A: no striking features
a: no special abilities


You were in the Dungeon.
You were not hungry.

You visited 1 branch

Inventory:

Hand weapons
 a - a +0 long sword (weapon)
 p - the +1 broad axe of Ghejied {flame, Str+5}
   (You found it in the Dungeon)

   It has been specially enchanted to burn those struck by it, causing extra
   injury to most foes and up to half again as much damage against particularly
   susceptible opponents.
   Big, fiery blades are also staple armaments of hydra-hunters.
   It affects your strength (+5).
 q - a +2 scimitar of protection
Armour
 b - a +0 scale mail (worn)
 c - a +0 shield (worn)
Magical devices
 o - a wand of cold (7)
Scrolls
 k - 2 scrolls of blinking
 m - 3 scrolls of remove curse
 n - 2 scrolls of amnesia
Potions
 e - a potion of might
 f - a potion of invisibility
 g - 3 potions of heal wounds
 h - a potion of haste
 i - 4 potions of magic
 j - a potion of berserk rage
 l - 4 potions of curing
Comestibles
 d - a meat ration


   Skills:
 + Level 6.3 Fighting
 * Level 7.2 Long Blades
 - Level 3.2 Armour
 - Level 3.2 Shields


You had 3 spell levels left.
You didn't know any spells.

Dungeon Overview and Level Annotations

Branches:
Dungeon (1/1)

Altars:
Cheibriados
Dithmenos
Elyvilon
Fedhas
Gozag
Kikubaaqudgha
Makhleb
Nemelex Xobeh
Okawaru
Qazlal
Ru
Sif Muna
Trog
Vehumet
Xom
Yredelemnul
Zin
The Shining One
Beogh
Jiyva
Lugonu


Message History

There is a shadowy altar of Dithmenos here.
There is a stormy altar of Qazlal here.
There is an opulent altar of Gozag here.
There is a sacrificial altar of Ru here.
You open the door.
Found six items.
Found a +2 ring of evasion.
There is an open door here.
Found a +3 ring of intelligence.
i - 4 potions of magic (gained 2);
f - a potion of invisibility
g - 3 potions of heal wounds (gained 2);
l - 4 potions of curing
m - 3 scrolls of remove curse;
n - 2 scrolls of amnesia
k - 2 scrolls of blinking (gained 1)
o - a wand of cold (7)
You see here an uncursed staff of energy.
Items here: ))))))
p - the +1 broad axe of Ghejied {flame, Str+5}
q - a +2 scimitar of protection Unknown command.
Are you sure you want to abandon this character and quit the game? (Confirm with "yes".)

▓_▓
▓_▓
▓_▓
▓_▓
▓'▓
▓.▓
▓.▓
▓|▓
▓@▓
▓[▓
▓[▓
▓[▓
▓=▓
▓=▓
▓+▓


There were no monsters in sight!

Vanquished Creatures
  A scorpion (D)
  An adder (D)
  An adder zombie (D)
  A giant cockroach (D)
  3 hobgoblins (D)
  2 kobolds (D)
  A giant gecko skeleton (D)
10 creatures vanquished.

Notes
Turn   | Place    | Note
--------------------------------------------------------------
     0 | D        | Monkaria, the Hill Orc Fighter, began the quest for the Orb.
     0 | D        | Reached XP level 1. HP: 19/19 MP: 1/1
    12 | D        | Reached skill level 4 in Fighting
   205 | D        | Noticed a scorpion
   214 | D        | Killed a scorpion
   214 | D        | Reached skill level 6 in Fighting
   214 | D        | Reached XP level 2. HP: 21/30 MP: 2/2
   214 | D        | Reached XP level 3. HP: 25/37 MP: 3/3
   228 | D        | Reached skill level 7 in Long Blades
   228 | D        | Reached XP level 4. HP: 27/44 MP: 4/4
   235 | D        | Found a glowing silver altar of Zin.
   235 | D        | Found a glowing golden altar of the Shining One.
   235 | D        | Found an ancient bone altar of Kikubaaqudgha.
   235 | D        | Found a basalt altar of Yredelemnul.
   235 | D        | Found a shimmering altar of Xom.
   235 | D        | Found a radiant altar of Vehumet.
   235 | D        | Found an iron altar of Okawaru.
   236 | D        | Found a burning altar of Makhleb.
   237 | D        | Found a deep blue altar of Sif Muna.
   238 | D        | Found a bloodstained altar of Trog.
   239 | D        | Found a sparkling altar of Nemelex Xobeh.
   240 | D        | Found a white marble altar of Elyvilon.
   241 | D        | Found a roughly hewn altar of Beogh.
   242 | D        | Found a viscous altar of Jiyva.
   243 | D        | Found a corrupted altar of Lugonu.
   244 | D        | Found a blossoming altar of Fedhas.
   245 | D        | Found a snail-covered altar of Cheibriados.
   246 | D        | Found a shadowy altar of Dithmenos.
   247 | D        | Found a stormy altar of Qazlal.
   248 | D        | Found an opulent altar of Gozag.
   249 | D        | Found a sacrificial altar of Ru.
   267 | D        | Got the +1 broad axe of Ghejied {flame, Str+5}
   269 | D        | Quit the game

Action                   |  1- 3 |  4- 6 || total
-------------------------+-------+-------++-------
Melee: Long sword        |    43 |       ||    43
  Use: Potion            |     1 |       ||     1
